 Dungeon Sprint DCSS version 0.27.1-1-g398f81649c (webtiles) character file.

Game seed: 9892097403258354611

2 boopmooplesden the Covered (level 1, -6/20 HPs)
             Began as a Minotaur Fighter on Sept 19, 2021.
             Killed from afar by Jessica (7 damage)
             ... with a puff of flame
             ... in the Dungeon (Sprint III: "The Ten Rune Challenge").
             The game lasted 00:00:04 (14 turns).

boopmooplesden the Covered (Minotaur Fighter)         Turns: 14, Time: 00:00:04

Health: -6/20      AC:  7    Str: 20    XL:     1   Next: 33%
Magic:  0/0        EV:  7    Int:  5    God:
Gold:   0          SH:  9    Dex:  9    Spells: 0/0 levels left

rFire    . . .     SeeInvis .   a - +0 war axe
rCold    . . .     Faith    .   c - +0 kite shield
rNeg     . . .     Spirit   .   b - +0 scale mail
rPois    .         Reflect  .   (helmet restricted)
rElec    .         Harm     .   (no cloak)
rCorr    .         Rampage  .   (no gloves)
Will     .....     NoTele   +   (no boots)
Stlth    ..........             (no amulet)
HPRegen  0.06/turn              (no ring)
MPRegen  0.07/turn              (no ring)

@: no status effects
A: horns 2, retaliatory headbutt
a: no special abilities


You were in the Dungeon.
You visited 1 branch

Inventory:

Hand Weapons
 a - a +0 war axe (weapon)
Armour
 b - a +0 scale mail (worn)
 c - a +0 kite shield (worn)
Scrolls
 j - a scroll of blinking
Potions
 d - a potion of might
 e - a potion of curing
 f - a potion of heal wounds
 g - a potion of haste
 h - 2 potions of magic
 i - a potion of berserk rage


   Skills:
 + Level 4.1 Fighting
 + Level 2.6 Axes
 + Level 4.1 Armour
 + Level 4.1 Shields


You couldn't memorise any spells.
You didn't know any spells.
Your spell library was empty.

Dungeon Overview and Level Annotations

Branches:
Dungeon (1/1)

Altars:

Annotations:
D Jessica


Innate Abilities, Weirdness & Mutations

You have a pair of horns on your head.
You reflexively headbutt those who attack you in melee.


Message History

Press ? for a list of commands and other information.
Found a staircase leading out of the dungeon.
You open the door.
An endoplasm comes into view.
The endoplasm quivers.
Found a robe.
An endoplasm comes into view.
The endoplasm freezes you.
You are frozen.
There is an open door here.
You slash the endoplasm!
You kill the endoplasm!
You hit the endoplasm.
The endoplasm is moderately wounded.
The endoplasm freezes you.
You are frozen.
The endoplasm hits you but does no damage.
You slash the endoplasm!
You kill the endoplasm!
Your Fighting skill increases to level 4!
Your Armour skill increases to level 4!
Your Shields skill increases to level 4!
You see here a +0 robe.
As you open the door, it creaks loudly!
Jessica the Apprentice Sorceress comes into view.
She is wielding a +0 dagger and carrying a wand of flame (15).
Jessica shouts!
A rat comes into view.
Found 29 stones.
Jessica zaps a wand.
The puff of flame hits you.
There is an open door here.
You completely miss Jessica. Jessica barely misses you. x2
The rat bites you but does no damage.
You closely miss Jessica. You closely miss the rat.
Jessica zaps a wand.
The puff of flame hits you!
* * * LOW HITPOINT WARNING * * *
The rat bites you but does no damage.
You barely miss Jessica. You hit the rat.
You kill the rat!
Jessica zaps a wand.
The puff of flame hits you!
You die...

▓▓▓▓
▓<.#
▓..#
▓#'####
▓.....#
▓.....#
▓....[#
▓####@#
▓(..†@#
▓.....#
▓.....#
▓+#####


You could see Jessica.

Vanquished Creatures
  2 endoplasms (D)
  A rat (D)
3 creatures vanquished.

Notes
Turn   | Place    | Note
-------+----------+-------------------------------------------
     0 | D        | boopmooplesden the Minotaur Fighter began the quest for the
                  | Orb.
     0 | D        | Reached XP level 1. HP: 19/19 MP: 0/0
    10 | D        | Noticed Jessica
    13 | D        | HP: 1/20 [Jessica/puff of flame (8)]
    14 | D        | Killed from afar by Jessica

Illustrated notes

Levels and vault maps discovered:
D:        dungeon_sprint_mu [sprint_mu_entry_forest, sprint_mu_temple_rooms,
          sprint_mu_d1_spiders, sprint_mu_d2_genie, sprint_mu_d3_branching,
          sprint_mu_orc_legion, sprint_mu_elf_gauntlet, sprint_mu_hive_nellie,
          sprint_mu_lair_fedhas, sprint_mu_vaults_butterflies,
          sprint_mu_slime_circle, sprint_mu_swamp_cave, sprint_mu_shoals_archi,
          sprint_mu_blade_basic, sprint_mu_crypt_fortress,
          sprint_mu_tomb_spiral, sprint_mu_vestibule_basic,
          sprint_mu_gehenna_hellfire, sprint_mu_dis_giant,
          sprint_mu_tartarus_statrot, sprint_mu_cocytus_islands, sprint_mu_zot1]

Skill      XL: |  1 |
---------------+----+-----
Fighting       | 4 |  4.1
Armour         | 4 |  4.1
Shields        | 4 |  4.1
Axes           | |  2.6

Action                   || total
-------------------------++-------
Melee: War axe           ||     6
Armor: Scale mail        ||     3
Dodge: Dodged            ||     2
